 Dungeon Crawl Stone Soup version 0.14-a0-102-g2341383 (webtiles) character file.

67249 PolkaDot the Brawler (level 14, -6/140 HPs)
             Began as a Troll Death Knight on Oct 3, 2013.
             Was a High Priest of Yredelemnul.
             Killed from afar by a crystal guardian (14 damage)
             ... with a bolt of cold
             ... on Level 14 of the Dungeon.
             The game lasted 02:52:06 (22325 turns).

PolkaDot the Brawler (Troll Death Knight)          Turns: 22325, Time: 02:52:08

HP  -6/140       AC 18     Str 24      XL: 14   Next: 74%
MP  17/27        EV  7     Int  7      God: Yredelemnul [*****.]
Gold 2154        SH  0     Dex 13      Spells:  0 memorised, 13 levels left

Res.Fire  : . . .   See Invis. : +     - Unarmed
Res.Cold  : + . .   Warding    : .   e - +2 pearl dragon armour
Life Prot.: + . .   Conserve   : +   (shield restricted)
Res.Poison: .       Res.Corr.  : .   n - +2 cap
Res.Elec. : +       Clarity    : .   (no cloak)
Sust.Abil.: . .     Spirit.Shd : .   (gloves unavailable)
Res.Mut.  : .       Stasis     : .   (boots unavailable)
Res.Rott. : .       Flight     : .   i - amulet of conservation
Gourmand  : +                        H - ring of protection from cold
                                     q - ring of see invisible

@: very slightly contaminated, wreathed by umbra, somewhat resistant to hostile
enchantments, extremely unstealthy
A: unfitting armour, claws 3, blurry vision 1, fast metabolism 3, gourmand,
regeneration 2, saprovore 2, electricity resistance, tough skin 2, AC +1
a: Animate Dead, Recall Undead Slaves, Injury Mirror, Drain Life, Enslave Soul,
Renounce Religion


You were on level 14 of the Dungeon.
You worshipped Yredelemnul.
Yredelemnul was extremely pleased with you.
You were full.

You visited 3 branches of the dungeon, and saw 26 of its levels.
You also visited: Bailey.

You collected 2414 gold pieces.
You spent 280 gold pieces at shops.

Inventory:

Armour
 e - a +2 pearl dragon armour (worn)
 n - a +2 cap (worn)
Magical devices
 a - a wand of digging (10)
 k - a wand of paralysis (12)
 w - a wand of disintegration (9)
Scrolls
 c - 5 scrolls of teleportation
 m - 2 scrolls of enchant weapon I
 s - a scroll of noise
 E - a scroll of fog
Jewellery
 f - an uncursed amulet of resist corrosion
 i - an amulet of conservation (around neck)
 q - a ring of see invisible (left claw)
 H - a ring of protection from cold (right claw)
Potions
 b - 5 potions of heal wounds
 d - a potion of resistance
 t - 2 potions of curing
 u - 6 potions of invisibility
 x - a potion of restore abilities
 z - a potion of might
 L - 2 potions of berserk rage


   Skills:
 - Level 11.7 Fighting
 + Level 2.5 Armour
 - Level 1.2 Dodging
 * Level 16.4 Unarmed Combat
 + Level 13.3 Invocations
 - Level 2.1 Evocations


You had 13 spell levels left.
You didn't know any spells.

Dungeon Overview and Level Annotations

Branches:
Dungeon (14/27)            Temple (0/1) D:4             Orc (4/4) D:10
    Elf (0/3) Orc:4          Lair (8/8) D:13         Shoals (0/5) Lair:3
 Spider (0/5) Lair:4        Slime (0/6) Lair:7

Altars:
Ashenzari
Cheibriados
Elyvilon
Makhleb
Nemelex Xobeh
Okawaru
Sif Muna
Trog
Vehumet
Xom
Yredelemnul
Zin
Jiyva

Shops:
D:8 (   D:14 (   Orc:3 =   Orc:4 [%/*

Portals:
Trove: D:10 (give +4 storm dragon armour)


Innate Abilities, Weirdness & Mutations

You are too large for most types of armour.
You have claws for hands.
Your metabolism is lightning-fast.
You like to eat raw meat.
You heal very quickly.
You can eat rotten meat.
You are covered in fur (AC +1).
You have very tough skin (AC +2).
Your vision is a little blurry.
You are resistant to electric shocks.


Message History

Something hits the crystal guardian.
It hits the crystal guardian but does no damage.
The crystal guardian throws cold at you.
The bolt of cold hits your flayed ghost.
Your flayed ghost is destroyed!
The bolt of cold hits your ghoul.
Your ghoul resists.
It hits the crystal guardian but does no damage.
Your flaming corpse hits the crystal guardian but does no damage.
Your profane servitor hits the crystal guardian with a glowing demon whip!
Your profane servitor completely misses the crystal guardian.
Your flaming corpse barely misses the crystal guardian.
Your profane servitor hits the crystal guardian with a glowing demon whip.
Your profane servitor completely misses the crystal guardian.
The crystal guardian throws cold at you.
The bolt of cold hits your ghoul.
Your ghoul resists.
The bolt of cold hits you! You resist.
You die...
Your body rises from the dead as a mindless zombie.

n.....%...## #.....#.....#...
...#......## ##...###...###..
...#.......## ##.## ##### # #
...#........###.(.## ##
.............#.....# #.
...#####.....#.....# [.. #.
.......#.....#.....# ...# #.
....##.#..).###...## 8.# ##
###.##.#...## ##@## #.## #
#Z##.#..## ##...###...##
#.##(#..## #.....#.....#..
#.##.....###....Zn8zA...... #
#.#####...##.....#AzD..#.. ##
###..........##...###...## ##.
......Z.......##### ##### ##..
###########....## ##...## ##...
.......Z..%.n...####.....####....


You could see a crystal guardian, a friendly profane servitor, a friendly ghoul,
a friendly flaming corpse and a friendly mottled dragon zombie.

Vanquished Creatures
  Fannar (Lair:5)
  A crystal golem (D:14)
  8 death yaks
  Nergalle (Orc:3)
  Erolcha (D:8)
  An unseen horror (D:12)
  7 hill giants
  An orc knight (Orc:1)
  2 orc sorcerers (Orc:4)
  2 griffons
  A cyclops (D:14)
  2 spiny worms (Lair:8)
  2 trolls
  8 spiny frogs
  2 black mambas
  A yaktaur (shapeshifter) (D:14)
  3 red devils (D:13)
  3 two-headed ogres
  2 fire drakes
  4 komodo dragons
  A wandering mushroom (Lair:8)
  2 polar bears (Lair:8)
  Prince Ribbit (D:8)
  A hydra skeleton (D:13)
  3 giant fireflies (Lair:8)
  A griffon zombie (D:13)
  A trapdoor spider zombie (D:13)
  7 blink frogs
  2 spectral orcs (Orc:3)
  A wyvern (D:14)
  8 grizzly bears (Lair:8)
  2 basilisks (Lair:2)
  2 wraiths
  9 ugly things (D:13)
  11 porcupines
  A shadow (D:12)
  An elephant slug (Lair:6)
  7 hippogriffs
  24 yaks
  Eustachio (D:8)
  3 vampire mosquitoes (D:14)
  3 hungry ghosts
  4 rock worms
  2 mottled dragons
  2 orange crystal statues (D:14)
  A necrophage (D:10)
  2 sky beasts
  5 black bears
  12 orc warriors
  5 centaurs
  2 ice beasts (D:11)
  4 phantoms
  2 ogres
  12 water moccasins
  2 wargs (Orc:3)
  10 giant slugs
  9 crocodiles
  Blork the orc (D:4)
  11 giant frogs
  A gnoll sergeant (D:9)
  A manticore zombie (D:13)
  2 wyvern zombies
  3 agate snails
  2 cyclops skeletons (D:12)
  A spectral elf (D:9)
  A yak zombie (D:13)
  A killer bee (D:14)
  9 wights
  2 troll skeletons
  2 crimson imps (D:5)
  A goliath beetle (D:7)
  3 iguanas
  5 jellies
  16 orc priests
  A two-headed ogre skeleton (D:13)
  5 hounds
  8 spiders (Lair:4)
  4 scorpions
  A statue (D:4)
  25 orc wizards
  8 worker ants
  A big kobold zombie (D:12)
  13 sheep
  Jessica (D:3)
  A hound zombie (D:7)
  Terence (D:3)
  A killer bee simulacrum (D:13)
  A worker ant zombie (D:5)
  19 adders
  12 gnolls
  36 green rats
  4 giant centipedes
  14 worms
  An iguana skeleton (D:5)
  3 giant eyeballs
  7 giant geckos
  5 oozes (D:8)
  92 orcs
  19 bats
  12 hobgoblins
  29 jackals
  12 kobolds
  12 quokkas
  6 giant cockroaches
  5 giant newts
  A giant spore (D:12)
  12 goblins
  A kobold skeleton (D:6)
  A kobold zombie (D:6)
  An orc skeleton (D:10)
  23 rats
  6 ballistomycetes
685 creatures vanquished.

Vanquished Creatures (collateral kills)
  Gastronok (D:11)
  An ettin (Orc:1)
  A dragon (Lair:8)
  5 hydras
  4 crystal golems (D:14)
  12 death yaks
  An unseen horror (D:13)
  An orc high priest (Orc:4)
  A sun demon (Orc:4)
  2 lindwurms (Lair:8)
  A hill giant (D:13)
  An orc knight (Bailey)
  Joseph (Orc:4)
  3 orc sorcerers (Orc:4)
  2 cyclopes (D:14)
  The ghost of dck the Nimble, an experienced HEWr of Okawaru (D:6)
  A black mamba (Lair:5)
  5 spiny worms (Lair:8)
  2 spiny frogs
  A giant firefly (Lair:8)
  A red devil (D:13)
  3 giant leeches (Lair:8)
  4 polar bears (Lair:8)
  A komodo dragon (Lair:7)
  A spectral orc (Orc:3)
  4 slime creatures (D:13)
  5 ugly things (D:13)
  3 sharks (D:10)
  3 grizzly bears (Lair:8)
  A basilisk (D:14)
  An elephant slug (Lair:6)
  2 yaks (D:11)
  A hill giant skeleton (D:10)
  2 rock worms (Lair:8)
  2 wolves (D:10)
  4 porcupines
  A black bear (Lair:8)
  21 orc warriors
  An ogre (D:10)
  A phantom (D:8)
  4 giant goldfish (D:10)
  2 ice beasts (Lair:5)
  2 sky beasts
  A crocodile (Lair:5)
  5 centaurs
  A boring beetle (Lair:5)
  A warg (D:13)
  Duvessa (D:8)
  3 brain worms (Lair:8)
  A giant slug (Lair:3)
  5 giant frogs
  A big kobold (D:13)
  3 water moccasins
  An agate snail (D:13)
  An eye of draining (D:14)
  2 jellyfish (D:10)
  A wight (D:7)
  A goliath beetle (D:7)
  2 hippogriff skeletons (D:10)
  3 electric eels (D:10)
  Dowan (D:8)
  2 crimson imps
  19 orc priests
  2 giant frog skeletons (D:13)
  A scorpion (D:9)
  A hound (D:13)
  2 iguanas
  2 iron imps (Orc:4)
  18 orc wizards
  A worker ant (D:8)
  Ijyb (D:5)
  A mummy (D:14)
  5 gnolls
  2 adders
  4 green rats
  A goliath beetle zombie (D:13)
  6 worms
  2 ufetubi (D:8)
  2 giant geckos
  85 orcs
  7 hobgoblins
  2 bats
  5 goblins
  A goblin zombie (D:5)
  5 kobolds
  A rat (Lair:5)
  A fungus (Lair:7)
  4 plants (Lair:8)
334 creatures vanquished.

Vanquished Creatures (others)
  A death cob (D:14)
  2 skeletal warriors
  A flayed ghost (D:14)
  A flaming corpse (Lair:5)
  3 phantasmal warriors
  3 death yak zombies
  2 spectral humans (D:13)
  16 flying skulls
  A wraith (Lair:3)
  5 spiny worm zombies (Lair:8)
  A spiny frog zombie (Lair:8)
  5 freezing wraiths
  A fire drake zombie (Lair:6)
  A giant goldfish zombie (D:10)
  3 grizzly bear zombies (Lair:8)
  A wight (D:6)
  A polar bear skeleton (Lair:8)
  2 water moccasin zombies
  An iguana (D:12)
  4 spectral orcs
  A warg zombie (D:13)
  A porcupine zombie (Lair:7)
  A sheep (D:14)
  2 spider zombies (Lair:4)
  2 hound zombies
  A hound skeleton (D:10)
  A worm zombie (D:3)
  2 adder zombies
  An electric eel zombie (D:10)
  24 orc zombies
  An orc (D:13)
  A bat zombie (Lair:4)
  2 giant spores
  A gnoll zombie (D:4)
  A goblin zombie (Orc:3)
  3 green rat zombies (Lair:6)
  2 jackal zombies
  A kobold skeleton (D:3)
  7 orc skeletons
  A quokka zombie (Lair:4)
  5 fungi (Lair:7)
  A plant (Lair:8)
117 creatures vanquished.

Grand Total: 1136 creatures vanquished

Notes
Turn   | Place    | Note
--------------------------------------------------------------
     0 | D:1      | PolkaDot, the Troll Death Knight, began the quest for the Orb.
     0 | D:1      | Reached XP level 1. HP: 20/20 MP: 2/2
   243 | D:1      | Reached XP level 2. HP: 28/28 MP: 2/2
   666 | D:2      | Found an iron altar of Okawaru.
  1023 | D:2      | Acquired Yredelemnul's second power
  1050 | D:2      | Reached skill level 3 in Unarmed Combat
  1050 | D:2      | Reached XP level 3. HP: 35/35 MP: 4/4
  1112 | D:2      | Reached skill level 1 in Armour
  1760 | D:3      | Noticed Terence
  1797 | D:3      | Killed Terence
  1797 | D:3      | Reached XP level 4. HP: 39/42 MP: 5/5
  2007 | D:4      | Got a bone spear
  2008 | D:4      | Identified the +4,+7 spear of Thruf {elec, +Rage +Fly Dex+2} (You found it on level 4 of the Dungeon)
  2067 | D:4      | Reached XP level 5. HP: 46/49 MP: 5/5
  2089 | D:4      | Acquired Yredelemnul's third power
  2089 | D:4      | Reached skill level 4 in Unarmed Combat
  2142 | D:4      | Found a staircase to the Ecumenical Temple.
  2180 | D:4      | Reached XP level 6. HP: 42/58 MP: 5/7
  2304 | D:4      | Noticed Blork the orc
  2331 | D:4      | Killed Blork the orc
  2331 | D:4      | Reached skill level 5 in Unarmed Combat
  2413 | D:4      | Found a radiant altar of Vehumet.
  2413 | D:4      | Noticed a frost-covered statue
  2493 | D:4      | Killed a frost-covered statue
  2657 | D:4      | Reached XP level 7. HP: 53/66 MP: 8/8
  2968 | D:3      | Found a sparkling altar of Nemelex Xobeh.
  3069 | D:3      | Acquired Yredelemnul's fourth power
  3108 | D:3      | Noticed Jessica
  3112 | D:3      | Killed Jessica
  3335 | D:5      | Entered Level 5 of the Dungeon
  3346 | D:5      | Reached skill level 6 in Unarmed Combat
  3375 | D:5      | Noticed Ijyb
  3390 | D:5      | Killed Ijyb
  3437 | D:5      | Found a shimmering altar of Xom.
  3444 | D:5      | Received a gift from Yredelemnul
  3597 | D:5      | Received a gift from Yredelemnul
  3712 | D:5      | Paralysed by a giant eyeball for 4 turns
  3999 | D:6      | Reached XP level 8. HP: 75/75 MP: 10/10
  4077 | D:6      | Noticed dck's ghost (experienced HEWr)
  4091 | D:6      | Paralysed by a giant eyeball for 3 turns
  4108 | D:6      | Killed dck's ghost
  4108 | D:6      | Reached skill level 7 in Unarmed Combat
  4258 | D:6      | Found a burning altar of Makhleb.
  4359 | D:6      | Reached skill level 5 in Invocations
  4994 | D:7      | Found a bloodstained altar of Trog.
  5174 | D:7      | Reached skill level 8 in Unarmed Combat
  5217 | D:7      | Paralysed by a giant eyeball for 3 turns
  5231 | D:7      | Paralysed by a giant eyeball for 4 turns
  5495 | D:8      | Gained mutation: You are resistant to electric shocks. [potion of beneficial mutation]
  5511 | D:8      | Noticed Eustachio
  5521 | D:8      | Killed Eustachio
  5521 | D:8      | Reached XP level 9. HP: 84/84 MP: 13/13
  5553 | D:8      | Noticed Prince Ribbit
  5561 | D:8      | Reached skill level 9 in Unarmed Combat
  5572 | D:8      | Killed Prince Ribbit
  5597 | D:8      | Noticed Erolcha
  5606 | D:8      | Killed Erolcha
  5606 | D:8      | Acquired Yredelemnul's fifth power
  5606 | D:8      | Reached skill level 5 in Fighting
  5624 | D:8      | Found a glowing silver altar of Zin.
  5861 | D:8      | Found Psec Alu's Weapon Boutique.
  5872 | D:8      | Noticed Duvessa
  5877 | D:8      | Noticed Dowan
  5878 | D:8      | Killed Duvessa
  5885 | D:8      | Killed Dowan
  5989 | D:9      | Found a shattered altar of Ashenzari.
  6159 | D:9      | Received a gift from Yredelemnul
  6306 | D:9      | Found a basalt altar of Yredelemnul.
  6349 | D:9      | Found a deep blue altar of Sif Muna.
  6489 | D:9      | Found a deep blue altar of Sif Muna.
  6605 | D:9      | Received a gift from Yredelemnul
  6633 | D:10     | Entered Level 10 of the Dungeon
  6640 | D:10     | Reached skill level 10 in Unarmed Combat
  6674 | D:10     | Reached XP level 10. HP: 60/94 MP: 15/17
  6685 | D:10     | Received a gift from Yredelemnul
  6755 | D:10     | Received a gift from Yredelemnul
  6856 | D:10     | Found a portal to a secret trove of treasure.
  6865 | D:10     | Noticed Grum
  6886 | D:10     | Killed Grum
  6886 | D:10     | Enslaved Grum
  7361 | D:10     | Found a staircase to the Orcish Mines.
  7695 | D:11     | Noticed a hill giant
  7702 | D:11     | Killed a hill giant
  7742 | D:11     | Noticed a five-headed hydra
  7745 | D:11     | Killed a seven-headed hydra
  7978 | D:11     | Reached XP level 11. HP: 104/104 MP: 20/20
  8067 | D:11     | Noticed Gastronok
  8075 | D:11     | Killed Gastronok
  8075 | D:11     | Reached skill level 11 in Unarmed Combat
  8465 | D:12     | Reached skill level 10 in Invocations
  8496 | D:12     | Noticed a hill giant
  8503 | D:12     | Killed a hill giant
  8588 | D:12     | Noticed a hill giant
  8598 | D:12     | Killed a hill giant
  9001 | D:12     | Identified a scroll of acquirement
  9002 | D:12     | Got a heavily runed diamond amulet
  9003 | D:12     | Identified the amulet "Mecvaepe" {Stasis Dex-1 Int+4} (You acquired it on level 12 of the Dungeon)
  9091 | D:12     | Received a gift from Yredelemnul
  9141 | D:12     | Noticed a hill giant
  9145 | D:12     | Killed a hill giant
  9180 | D:12     | Killed an unseen horror
  9241 | D:13     | Found a staircase to the Lair.
  9241 | D:13     | Noticed Josephine
  9261 | D:13     | Killed Josephine
  9261 | D:13     | Enslaved Josephine
  9261 | D:13     | Your ally Grum died
  9331 | D:13     | Noticed a hill giant
  9332 | D:13     | Received a gift from Yredelemnul
  9355 | D:13     | Killed a hill giant
  9495 | D:13     | Noticed a hill giant
  9497 | D:13     | Your ally Josephine died
  9500 | D:13     | Killed a hill giant
  9522 | D:13     | Received a gift from Yredelemnul
  9525 | D:13     | Noticed Harold
  9529 | D:13     | Reached XP level 12. HP: 115/115 MP: 23/23
  9536 | D:13     | Killed Harold
  9536 | D:13     | Enslaved Harold
  9589 | D:13     | Your ally Harold died
  9736 | D:13     | Killed an unseen horror
  9736 | D:13     | Reached skill level 12 in Unarmed Combat
  9811 | Lair:1   | Entered Level 1 of the Lair of Beasts
 10605 | Lair:2   | Received a gift from Yredelemnul
 10766 | Lair:2   | Reached skill level 13 in Unarmed Combat
 11360 | Lair:3   | Received a gift from Yredelemnul
 11564 | Lair:3   | Found a staircase to the Shoals.
 11576 | Lair:3   | Received a gift from Yredelemnul
 12178 | Lair:4   | Received a gift from Yredelemnul
 12405 | Lair:4   | Received a gift from Yredelemnul
 12440 | Lair:4   | Found a hole to the Spider Nest.
 12624 | Lair:4   | Received a gift from Yredelemnul
 12767 | Lair:4   | Noticed a five-headed hydra
 12773 | Lair:4   | Killed a seven-headed hydra
 12773 | Lair:4   | Reached XP level 13. HP: 102/126 MP: 17/25
 13092 | Lair:5   | Reached skill level 14 in Unarmed Combat
 13203 | Lair:5   | Got a sparkling ruby amulet
 13206 | Lair:5   | Identified the amulet "Rair" {Ward Contam} (You found it on level 5 of the Lair of Beasts)
 13220 | Lair:5   | Noticed Fannar
 13226 | Lair:5   | Killed Fannar
 14553 | Lair:6   | Received a gift from Yredelemnul
 14780 | Lair:2   | Gained mutation: Your vision is a little blurry. [mutagenic glow]
 14891 | Lair:7   | Reached skill level 10 in Fighting
 15103 | Lair:7   | Found a viscous altar of Jiyva.
 15103 | Lair:7   | Found a staircase to the Slime Pits.
 15267 | Lair:7   | Received a gift from Yredelemnul
 15416 | Lair:7   | Reached skill level 15 in Unarmed Combat
 15605 | Lair:8   | Entered Level 8 of the Lair of Beasts
 15806 | Lair:8   | Found a white marble altar of Elyvilon.
 16131 | Lair:8   | Reached XP level 14. HP: 133/137 MP: 24/27
 16557 | Lair:8   | Received a gift from Yredelemnul
 16626 | Lair:8   | Received a gift from Yredelemnul
 17508 | Orc:1    | Entered Level 1 of the Orcish Mines
 17520 | Orc:1    | Received a gift from Yredelemnul
 17871 | Orc:1    | Reached skill level 1 in Evocations
 17871 | Orc:1    | Received a gift from Yredelemnul
 17993 | Orc:3    | Found Muciast's Jewellery Shop.
 18009 | Orc:3    | Bought an uncursed ring of see invisible for 225 gold pieces
 18009 | Orc:3    | Bought a cursed ring of hunger for 30 gold pieces
 18174 | Orc:4    | Entered Level 4 of the Orcish Mines
 18201 | Orc:4    | Found a staircase to the Elven Halls.
 18394 | Orc:4    | Found a shimmering altar of Xom.
 18448 | Orc:4    | Found Suqenai's Armour Emporium.
 18448 | Orc:4    | Found Plog's Magical Wand Shoppe.
 18454 | Orc:4    | Found Iwog's General Store.
 18458 | Orc:4    | Reached skill level 16 in Unarmed Combat
 18469 | Orc:4    | Lost intelligence.
 18484 | Orc:4    | Found Zaczaxiu's Food Emporium.
 18499 | Orc:4    | Bought a potion of brilliance for 25 gold pieces
 19000 | Orc:3    | Noticed Nergalle
 19009 | Orc:3    | Killed Nergalle
 19183 | Orc:3    | Noticed Erica
 19191 | Orc:3    | Killed Erica
 19191 | Orc:3    | Enslaved Erica
 19196 | Orc:3    | Found a flagged portal.
 19348 | Bailey   | Entered a bailey
 19569 | Bailey   | Received a gift from Yredelemnul
 20154 | Orc:4    | Noticed Joseph
 20162 | Orc:4    | Killed Joseph
 20163 | Orc:4    | Received a gift from Yredelemnul
 20991 | D:13     | Received a gift from Yredelemnul
 21069 | D:13     | Noticed a hill giant
 21075 | D:13     | Killed a hill giant
 21145 | D:14     | Entered Level 14 of the Dungeon
 21650 | D:14     | Found Trerph's Weapon Boutique.
 21653 | D:14     | Received a gift from Yredelemnul
 21809 | D:14     | Found a snail-covered altar of Cheibriados.
 22312 | D:14     | Received a gift from Yredelemnul
 22315 | D:14     | HP: 1/140 [crystal guardian/bolt of fire (26)]
 22325 | D:14     | Killed from afar by a crystal guardian

Action                   |  1- 3 |  4- 6 |  7- 9 | 10-12 | 13-15 || total
-------------------------+-------+-------+-------+-------+-------++-------
Melee: Unarmed           |   119 |   156 |   357 |   779 |   748 ||  2159
Invok: Animate Remains   |       |     1 |       |       |       ||     1
       Animate Dead      |       |     2 |    11 |    37 |    59 ||   109
       Recall Undead Sla |       |       |     6 |    12 |    15 ||    33
       Enslave Soul      |       |       |     1 |    12 |    12 ||    25
Evoke: Wand              |       |     2 |       |     6 |     3 ||    11
  Use: Scroll            |       |     7 |    10 |    14 |     7 ||    38
       Potion            |       |     1 |     1 |     3 |     6 ||    11
 Stab: Distracted        |       |       |     5 |     5 |    14 ||    24
